 Dungeon Crawl Stone Soup version 0.31.0-12-g77e489cdc1 (webtiles) character file.

Game seed: 16284768448486916679

50 DildoBatman the Conjurer (level 4, -1/32 HPs)
             Began as a Formicid Conjurer on Mar 7, 2024.
             Slain by an orc
             ... wielding a +0 dagger
              (3 damage)
             ... on level 4 of the Dungeon.
             The game lasted 00:02:38 (950 turns).

DildoBatman the Conjurer (Formicid Conjurer)         Turns: 950, Time: 00:02:39

Health: -1/32      AC:  2    Str: 12    XL:     4   Next: 4%
Magic:  5/7        EV: 14    Int: 19    God:
Gold:   81         SH:  0    Dex: 12    Spells: 5/8 levels left

rFire   . . .        l - +0 sling
rCold   . . .        (no shield)
rNeg    . . .        a - +0 robe
rPois   .            (helmet unavailable)
rElec   .            (no cloak)
rCorr   .            (no gloves)
SInv    +            (no boots)
Will    .....        (no amulet)
Stlth   ++           e - +5 ring of evasion
HPRegen 0.25/turn    (no ring)
MPRegen 0.10/turn

%: no passive effects
@: constricted
A: permanent stasis, dig shafts and tunnels, antennae 3, four strong arms
a: Dig, Shaft Self


You were on level 4 of the Dungeon.
You visited 1 branch of the dungeon, and saw 3 of its levels.

You collected 105 gold pieces.
You spent 24 gold pieces at shops.

Inventory:

Hand Weapons
 i - a +0 short sword
 l - a +0 sling (weapon)
Missiles
 c - a throwing net
 f - 9 stones
Armour
 a - a +0 robe (worn)
Jewellery
 e - a +5 ring of evasion (left hand)
 n - an amulet of guardian spirit
Scrolls
 j - 2 scrolls of identify
 p - a scroll of immolation {unknown}
Potions
 b - a potion of magic
 d - a potion of might {unknown}
 g - 2 potions of mutation {unknown}
 h - a potion of heal wounds {unknown}
 k - a potion of cancellation {unknown}
 m - a potion of curing {unknown}
 o - a potion of invisibility {unknown}


   Skills:
 + Level 1.2 Fighting
 + Level 1.2 Armour
 + Level 2.1 Dodging
 + Level 3.1 Stealth
 + Level 2.6 Spellcasting
 + Level 3.8 Conjurations


You had 5 spell levels left.
You knew the following spells:

 Your Spells              Type           Power      Damage    Failure   Level
a - Searing Ray           Conj           32%        2d5       4%          2
c - Magic Dart            Conj           64%        1d6       3%          1

Your spell library contained the following spells:

 Spells                   Type           Power      Damage    Failure   Level
 Momentum Strike          Conj/Tloc      18%        3d8       11%         2
 Lesser Beckoning         Tloc           4%         N/A       24%         2
 Scorch                   Fire           4%         2d5       24%         2
 Flame Wave               Conj/Fire      9%         2d6       58%         4
 Fulminant Prism          Conj/Alch      4%         3d5       58%         4
 Iskenderun's Mystic Bla  Conj/Tloc      9%         2d4       58%         4
 Summon Cactus Giant      Summ           1%         N/A       100%        6
 Blink                    Tloc           Unusable   N/A       N/A         2

Dungeon Overview and Level Annotations

Branches:
Dungeon (2/15)

Altars:

Shops:
D:1 ?


Innate Abilities, Weirdness & Mutations

You cannot be hasted, slowed, berserked, paralysed or teleported.
You can dig through walls and to a lower floor.
You have a pair of large antennae on your head. (SInv)
Your four strong arms can wield two-handed weapons with a shield.


Message History

The goblin hits you with a +0 dagger. The orc closely misses you.
What are your orders? t - Shout!
Orders for allies: a - Attack new target. r - Retreat! s - Stop attacking. g - Guard the area. f - Follow me.
Anything else - Cancel.
You shout for attention!
The ball python misses you. The ball python constricts you.
The orc hits you but does no damage. The goblin hits you with a +0 dagger.
What are your orders? t - Shout!
Orders for allies: a - Attack new target. r - Retreat! s - Stop attacking. g - Guard the area. f - Follow me.
Anything else - Cancel.
You shout for attention!
The ball python misses you. The ball python constricts you.
The orc hits you with a +0 dagger. The goblin hits you with a +0 dagger.
The orc hits you with a +0 dagger. What are your orders? t - Shout!
Orders for allies: a - Attack new target. r - Retreat! s - Stop attacking. g - Guard the area. f - Follow me.
Anything else - Cancel.
You shout for attention!
The ball python bites you. The ball python constricts you.
The ball python bites you. The ball python constricts you.
The goblin closely misses you. The orc hits you but does no damage.
The orc hits you with a +0 dagger.
You die...

.. . ,...o,
#.#. #...
####..#####
#.........#
......Soo.#
.....og@..#
#.###.#####
#


You could see 3 orcs, a goblin and a ball python.

Vanquished Creatures
  An adder (D:2)
  A gnoll (D:1)
  A dart slug (D:1)
  3 ball pythons (D:1)
  5 bats (D:1)
  3 endoplasms (D:1)
  A giant cockroach (D:1)
  4 hobgoblins
  3 kobolds
  A quokka (D:2)
  2 frilled lizards (D:1)
  2 rats (D:1)
27 creatures vanquished.

Notes
Turn   | Place    | Note
-------+----------+-------------------------------------------
     0 | D:1      | DildoBatman the Formicid Conjurer began the quest for the
                  | Orb.
     0 | D:1      | Reached XP level 1. HP: 13/13 MP: 3/3
   266 | D:1      | Reached XP level 2. HP: 20/20 MP: 1/5
   269 | D:1      | Learned a level 2 spell: Searing Ray
   513 | D:1      | Reached XP level 3. HP: 22/25 MP: 2/6
   549 | D:1      | Reached skill level 1 in Fighting
   592 | D:1      | Reached skill level 1 in Armour
   632 | D:1      | Found Niusholok's Magic Scroll Shoppe.
   638 | D:1      | Bought a scroll of identify for 24 gold pieces
   920 | D:2      | Reached XP level 4. HP: 32/32 MP: 2/7
   925 | D:2      | You fall into a shaft and drop 2 floors!
   950 | D:4      | Slain by an orc

Illustrated notes

Levels and vault maps discovered:
D:1:      lemuel_arrival_tunnels, layout_rooms, serial_shops, shop_fountains,
          minmay_heptomino_o4
D:2:      minmay_razor_zed, layout_basic
D:4:      minmay_inner_zag, layout_rooms, zin_angel,
          gammafunk_temple_overflow_arena

Skill      XL: |  1  2  3 |
---------------+----------+-----
Dodging        | 2 |  2.1
Fighting       | 1 |  1.2
Armour         | 1 |  1.2
Stealth        | 3 |  3.1
Spellcasting   | |  2.6
Conjurations   | |  3.8

Action                     |  1- 3 |  4- 6 || total
---------------------------+-------+-------++-------
  Melee: Unarmed           |    12 |       ||    12
         Short sword       |    11 |       ||    11
   Fire: Sling             |    24 |       ||    24
   Cast: Magic Dart        |    33 |       ||    33
         Searing Ray       |     2 |       ||     2
Ability: Dig               |       |     1 ||     1
         Shaft Self        |       |     1 ||     1
   Stab: Sleeping          |     1 |       ||     1
 Armour: Robe              |    13 |    20 ||    33
  Dodge: Dodged            |    25 |    38 ||    63
